 Dungeon Crawl Stone Soup version 0.24.0-123-gd5b16e6ec5 (webtiles) character file.

Game seed: 1943113130226403739, levelgen mode: deterministic

17793 Johnny the Impaler (level 11, -6/79 HPs)
             Began as a Demigod Gladiator on Jan 26, 2020.
             Splashed by a brown ugly thing's acid (9 damage)
             ... on level 14 of the Dungeon.
             The game lasted 00:16:11 (13657 turns).

Johnny the Impaler (Demigod Gladiator)             Turns: 13657, Time: 00:16:12

Health: -6/79      AC:  6    Str: 23    XL:     11   Next: 95%
Magic:  14/14      EV: 11    Int: 12    God:
Gold:   199        SH:  0    Dex: 17    Spells: 10/10 levels left

rFire    . . .     SeeInvis .   B - +2 halberd (flame)
rCold    + . .     Gourm    .   (shield currently unavailable)
rNeg     . . .     Faith    .   N - +0 chain mail {rC+}
rPois    +         Spirit   .   r - +0 helmet
rElec    .         Reflect  .   n - +1 cloak {rPois}
rCorr    .         Harm     .   p - +2 pair of gloves {archery}
MR       +....                  (no boots)
Stlth    ..........             g - amulet of the acrobat
HPRegen  0.23/turn              u - +4 ring of protection
MPRegen  0.14/turn              a - +2 ring of evasion

@: corroded
A: high mp 1
a: no special abilities


You were on level 14 of the Dungeon.
You were not hungry.

You visited 1 branch of the dungeon, and saw 13 of its levels.
You also visited: Ossuary and Gauntlet.

You collected 751 gold pieces.
You spent 552 gold pieces at shops.

Inventory:

Hand Weapons
 z - the +7 lajatang of Order {silver, rMut}
   (You took it off a minotaur in a Gauntlet)

   It protects you from mutation.
 B - a +2 halberd of flaming (weapon)
Missiles
 c - 2 throwing nets (quivered)
Armour
 n - a +1 cloak of poison resistance (worn)
 p - a +2 pair of gloves of archery (worn)
 r - a +0 helmet (worn)
 F - a scarf of cloud immunity
 N - a +0 chain mail of cold resistance (worn)
Jewellery
 a - a +2 ring of evasion (right hand)
 d - an uncursed ring of poison resistance
 g - an amulet of the acrobat (around neck)
 u - a +4 ring of protection (left hand)
Wands
 A - a wand of flame (18)
 H - a wand of iceblast (7)
Scrolls
 j - 5 scrolls of amnesia
 k - 10 scrolls of teleportation
 l - 3 scrolls of magic mapping
 q - 2 scrolls of remove curse
 x - 2 scrolls of blinking
 y - 2 scrolls of fear
 C - a scroll of identify
 E - 2 scrolls of immolation
 J - 4 scrolls of fog
 K - 2 scrolls of brand weapon
 L - a scroll of acquirement {unknown}
 M - a scroll of enchant armour
Potions
 b - 6 potions of lignification
 e - 3 potions of haste
 h - 5 potions of curing
 i - 2 potions of degeneration
 m - 2 potions of might
 o - 3 potions of mutation
 s - 3 potions of heal wounds
 t - a potion of magic {unknown}
 v - 4 potions of invisibility
 w - 4 potions of agility
 D - 2 potions of resistance {unknown}
 G - 3 potions of flight {unknown}
 I - 2 potions of brilliance {unknown}
Comestibles
 f - 19 rations


   Skills:
 - Level 1.7 Fighting
 + Level 17.4 Polearms
 - Level 1.7 Throwing
 - Level 2.6 Dodging


You had 10 spell levels left.
You didn't know any spells.
Your spell library contained the following spells:

 Spells                   Type           Power        Failure   Level  Hunger
 Flame Tongue             Conj/Fire      #....        97%         1    ##.....
 Infusion                 Chrm           #...         97%         1    ##.....
 Summon Butterflies       Summ           #.......     97%         1    ##.....
 Shroud of Golubria       Chrm/Tloc      #.....       99%         2    ###....
 Song of Slaying          Chrm           #.......     99%         2    ###....
 Throw Flame              Conj/Fire      #.....       99%         2    ###....
 Call Canine Familiar     Summ           #.......     100%        3    ####...
 Conjure Flame            Conj/Fire      #.......     100%        3    ####...
 Inner Flame              Hex/Fire       #.......     100%        3    ####...
 Regeneration             Chrm/Necr      #.........   100%        3    ####...
 Spectral Weapon          Hex/Chrm       #.......     100%        3    ####...
 Sticky Flame             Conj/Fire      #.......     100%        4    #####..
 Summon Ice Beast         Ice/Summ       #.......     100%        4    #####..
 Fireball                 Conj/Fire      #.........   100%        5    ######.
 Summon Mana Viper        Hex/Summ       #.......     100%        5    ######.
 Summon Hydra             Summ           #.........   100%        7    #######


Dungeon Overview and Level Annotations

Branches:
Dungeon (12/15)            Temple (0/1) D:4            Lair (0/6) D:10
    Orc (0/2) D:9         Ossuary (visited)         Gauntlet (visited)

Shops:
D:5 !   D:10 ?

Annotations:
D:9 2 transporters


Innate Abilities, Weirdness & Mutations

You have an increased reservoir of magic. (+10% MP)


Message History

The brown ugly thing is almost dead.
Attack whom?
Press: ? - help, Dir - move target cursor, f/p - brown ugly thing
Aim: a brown ugly thing (almost dead)
You hit the brown ugly thing but do no damage.
The brown ugly thing is almost dead.
The brown ugly thing gores you.
* * * LOW HITPOINT WARNING * * *
The acid corrodes you!
You are splashed with acid!
* * * LOW HITPOINT WARNING * * *
Unknown command.
Attack whom?
Press: ? - help, Dir - move target cursor, f/p - brown ugly thing
Aim: a brown ugly thing (almost dead)
You barely miss the brown ugly thing.
The brown ugly thing is almost dead.
The brown ugly thing gores you.
* * * LOW HITPOINT WARNING * * *
You are splashed with acid!
You die...

######.......# #........#
#......##.##.###.##.##..#
#......##.##.....##.##..#
#......##.####.####.##..#
#......##.####.####.##..#
#......##...........##..#
#.#.#..#######.#######..#
#.#....#######.#######..#
#.###...........@u....%.#
#.........##...(##.###..#
รท.....##...(....##........
##.......####.######......
.............. ..###.
.#..####.##### .# ##..# .#
u# .... # . ##..## u.


You could see a brown ugly thing.

Vanquished Creatures
  A minotaur (Gauntlet)
  A two-headed ogre (D:9)
  A wretched star (Gauntlet)
  Nergalle (D:10)
  3 skeletal warriors (D:11)
  6 ugly things
  2 ice statues (Gauntlet)
  2 gargoyles
  4 rime drakes (Gauntlet)
  A troll (D:9)
  A hornet (D:12)
  4 hippogriffs
  A wyvern (D:10)
  A human (D:9)
  8 yaks
  4 hogs (D:9)
  2 wargs (D:10)
  A small abomination (Gauntlet)
  A water moccasin (D:8)
  3 ice beasts
  4 orc warriors
  2 eyes of draining
  An ogre (D:9)
  3 sky beasts
  3 phantoms
  8 centaurs
  3 big kobolds
  8 bullfrogs
  A wyvern zombie (D:10)
  A gnoll sergeant (D:8)
  5 scorpions
  3 killer bees (D:10)
  4 howler monkeys
  6 crimson imps
  A quasit (D:10)
  A centaur zombie (D:9)
  A centaur skeleton (D:12)
  A hound (D:4)
  11 orc priests
  5 bullfrog skeletons
  9 orc wizards
  A gnoll shaman (D:9)
  2 iguanas
  10 worker ants
  A killer bee zombie (D:6)
  12 mummies (Ossuary)
  Robin (D:2)
  11 gnolls
  15 adders
  3 shadow imps
  An adder zombie (D:8)
  An adder skeleton (D:4)
  2 worms
  3 dart slugs
  4 leopard geckos
  25 orcs
  6 giant cockroaches
  15 goblins
  8 hobgoblins
  20 jackals
  5 quokkas
  A ball python (D:8)
  7 bats
  8 frilled lizards
  A giant cockroach zombie (D:6)
  A gnoll skeleton (Ossuary)
  5 goblin skeletons (Ossuary)
  25 kobolds
  A leopard gecko skeleton (D:4)
  2 orc skeletons (Ossuary)
  2 quokka skeletons
  A quokka zombie (D:8)
  3 rats (D:1)
  11 rat skeletons (Ossuary)
343 creatures vanquished.

Vanquished Creatures (others)
  14 demonic plants (Gauntlet)
14 creatures vanquished.

Grand Total: 357 creatures vanquished

Notes
Turn   | Place    | Note
-------+----------+-------------------------------------------
     0 | D:1      | Johnny the Demigod Gladiator began the quest for the Orb.
     0 | D:1      | Reached XP level 1. HP: 17/17 MP: 3/3
    27 | D:1      | Reached skill level 3 in Polearms
   219 | D:1      | Reached XP level 2. HP: 13/24 MP: 4/4
  1072 | D:1      | Reached XP level 3. HP: 29/29 MP: 5/5
  1291 | D:2      | Reached skill level 4 in Polearms
  1808 | D:2      | Noticed Robin
  2081 | D:3      | Reached XP level 4. HP: 33/36 MP: 6/6
  2110 | D:3      | Reached skill level 5 in Polearms
  3207 | D:2      | Killed Robin
  3207 | D:2      | Reached XP level 5. HP: 13/41 MP: 7/7
  3490 | D:2      | Found a shattered altar of Ashenzari.
  4064 | D:4      | Reached skill level 6 in Polearms
  4641 | D:4      | Reached XP level 6. HP: 48/48 MP: 8/8
  4824 | D:4      | Found a glowing silver altar of Zin.
  5010 | D:4      | Found a staircase to the Ecumenical Temple.
  5140 | D:5      | Entered Level 5 of the Dungeon
  5147 | D:5      | Reached skill level 7 in Polearms
  5271 | D:5      | Reached XP level 7. HP: 40/53 MP: 9/9
  5296 | D:5      | Found a sand-covered staircase.
  5322 | Ossuary  | Entered an ossuary
  5356 | Ossuary  | Reached skill level 8 in Polearms
  6344 | D:5      | You fall into a shaft and drop 3 floors!
  6351 | D:8      | Reached skill level 9 in Polearms
  6425 | D:8      | Reached XP level 8. HP: 54/60 MP: 10/10
  6525 | D:8      | Reached skill level 10 in Polearms
  7186 | D:5      | Reached skill level 11 in Polearms
  7278 | D:5      | Found Itavvol's Distillery.
  7300 | D:5      | Bought a potion of haste for 130 gold pieces
  7300 | D:5      | Bought a potion of curing for 39 gold pieces
  7300 | D:5      | Bought a potion of heal wounds for 65 gold pieces
  7300 | D:5      | Bought a potion of agility for 52 gold pieces
  7400 | D:6      | Found an ancient bone altar of Kikubaaqudgha.
  7742 | D:7      | Reached XP level 9. HP: 53/67 MP: 11/11
  8001 | D:7      | Found a white marble altar of Elyvilon.
  8004 | D:7      | Found a sparkling altar of Nemelex Xobeh.
  8007 | D:7      | Found a hide-covered altar of Uskayaw.
  8303 | D:8      | Reached skill level 12 in Polearms
  8358 | D:8      | Found an opulent altar of Gozag.
  8397 | D:8      | Found a sacrificial altar of Ru.
  8459 | D:8      | Reached skill level 13 in Polearms
  8618 | D:8      | Noticed a green ugly thing
  8761 | D:8      | Killed a green ugly thing
  9203 | D:9      | Reached XP level 10. HP: 61/73 MP: 13/13
  9741 | D:9      | Reached skill level 14 in Polearms
  9855 | D:9      | Found a staircase to the Orcish Mines.
  9871 | D:9      | Noticed a two-headed ogre
  9896 | D:9      | Killed a two-headed ogre
 10091 | D:9      | Found a transporter.
 10093 | D:9      | Found a roughly hewn altar of Beogh.
 10093 | D:9      | Found a transporter.
 10314 | D:10     | Entered Level 10 of the Dungeon
 10345 | D:10     | Noticed Nergalle
 10363 | D:10     | Killed Nergalle
 10363 | D:10     | Reached skill level 15 in Polearms
 10596 | D:10     | Found Iseepn's Magic Scroll Boutique.
 10603 | D:10     | Bought a scroll of identify for 26 gold pieces
 10603 | D:10     | Bought a scroll of identify for 26 gold pieces
 10603 | D:10     | Bought a scroll of teleportation for 39 gold pieces
 10603 | D:10     | Bought a scroll of identify for 26 gold pieces
 10603 | D:10     | Bought a scroll of fog for 26 gold pieces
 10603 | D:10     | Bought a scroll of enchant weapon for 97 gold pieces
 10603 | D:10     | Bought a scroll of identify for 26 gold pieces
 10741 | D:10     | Found a staircase to the Lair.
 11386 | D:11     | Reached XP level 11. HP: 79/79 MP: 14/14
 11412 | D:11     | Noticed a skeletal warrior
 11412 | D:11     | Noticed a skeletal warrior
 11417 | D:11     | Noticed a skeletal warrior
 11419 | D:11     | Killed a skeletal warrior
 11428 | D:11     | Killed a skeletal warrior
 11438 | D:11     | Killed a skeletal warrior
 11620 | D:11     | Noticed a catoblepas
 11622 | D:11     | Reached skill level 16 in Polearms
 11642 | D:12     | Found a gate leading to a gauntlet.
 11650 | Gauntlet | Entered a Gauntlet
 11650 | Gauntlet | Found a transporter.
 11650 | Gauntlet | Found a transporter.
 11813 | Gauntlet | Found a transporter.
 11815 | Gauntlet | Found a transporter.
 11820 | Gauntlet | Found a transporter.
 11845 | Gauntlet | Found a transporter.
 11846 | Gauntlet | Noticed a glowing orange brain
 11849 | Gauntlet | Found a transporter.
 11849 | Gauntlet | Noticed a wretched star
 11849 | Gauntlet | Found a transporter.
 11853 | Gauntlet | Found a transporter.
 11859 | Gauntlet | Found a transporter.
 11865 | Gauntlet | Found a transporter.
 11913 | Gauntlet | Noticed a wizard
 11938 | Gauntlet | Found a transporter.
 11948 | Gauntlet | Found a transporter.
 11966 | Gauntlet | Found a transporter.
 12064 | Gauntlet | Found a transporter.
 12080 | Gauntlet | Found a transporter.
 12686 | Gauntlet | Killed a wretched star
 12883 | Gauntlet | Noticed a minotaur
 12907 | Gauntlet | Killed a minotaur
 13373 | D:12     | You fall into a shaft and drop 2 floors!
 13412 | D:14     | Reached skill level 17 in Polearms
 13657 | D:14     | HP: 3/79 [brown ugly thing (6)]
 13657 | D:14     | Splashed by a brown ugly thing's acid

Levels and vault maps discovered:
D:1:      psy_arrival_whirlpool, layout_loops_ring, roderic_lattice_a,
          hangedman_decor_lopped, serial_bayou_ford_a
D:2:      layout_basic, overflow_temple_1_default, minmay_misc_feat_encased,
          uniq_robin
D:3:      minmay_inner_zag, layout_loops_ring
D:4:      layout_loops_corners, zin_scriptorium, temple_green
D:5:      layout_rooms, serial_shops, shop, first_ration, enter_ossuary_2
D:6:      layout_cave_pools, old_standard_altar, grunt_ministairs_14
D:7:      layout_rooms, grunt_temple_overflow_diamond, serial_park_tiny_pond
D:8:      layout_cave_pools, nicolae_ru_great_annihilating_truth,
          lemuel_doored_altar
D:9:      gammafunk_beogh_shrine, layout_loops_ring, david_orc_1_choice,
          grunt_livestock
D:10:     layout_irregular_city, erik_lair_orcish_takeover, serial_column_ruins,
          column_ruins_pillar_3, column_ruins_pillar_7, column_ruins_pillar_10,
          column_ruins_pillar_6, column_ruins_pillar_1, column_ruins_pillar_4,
          column_ruins_pillar_3, column_ruins_pillar_1, column_ruins_pillar_3,
          column_ruins_pillar_3, column_ruins_pillar_2, column_ruins_pillar_2,
          column_ruins_pillar_2, serial_shops, shop, uniq_nergalle
D:11:     layout_loops_ring, minmay_quadrilaterals
D:12:     layout_roguey, gauntlet_entry_generic
D:14:     layout_loops_cross, roderic_nine_men_s_morris,
          lemuel_mausoleum_altar_kikubaaqudgha

Skill      XL: |  1  2  3  4  5  6  7  8  9 10 11 |
---------------+----------------------------------+-----
Polearms       | 3 4 5 6 7 9 11 13 15 17 | 17.4
Fighting       | |  1.7
Throwing       | |  1.7
Dodging        | |  2.6

Action                   |  1- 3 |  4- 6 |  7- 9 | 10-12 || total
-------------------------+-------+-------+-------+-------++-------
Melee: Trident           |   180 |   276 |   283 |       ||   739
       Halberd           |       |       |   303 |   485 ||   788
Throw: Throwing net      |     4 |       |       |       ||     4
Evoke: Wand              |       |       |     5 |       ||     5
  Use: Scroll            |       |       |     9 |    15 ||    24
       Potion            |       |       |     2 |     5 ||     7
 Stab: Sleeping          |     3 |     6 |       |       ||     9
       Held in net/web   |     1 |       |       |       ||     1
       Distracted        |       |     1 |       |       ||     1
       Confused          |       |       |     3 |       ||     3
       Paralysed         |       |       |     3 |       ||     3
  Eat: Chunk             |     4 |    10 |    10 |     8 ||    32
       Ration            |       |       |     1 |     2 ||     3
Armor: Leather armour    |    44 |    77 |       |       ||   121
       Ring mail         |       |     8 |   107 |       ||   115
       Chain mail        |       |       |   129 |   150 ||   279
Dodge: Dodged            |   114 |   143 |   294 |   164 ||   715
